 Dungeon Crawl Stone Soup version 0.31.0-1-g2c135a0 (webtiles) character file.

Game seed: 2790159431332338050

123 Obwnsil the Ruffian (level 4, -7/44 HPs)
             Began as a Troll Berserker on Feb 15, 2024.
             Was a Priest of Trog.
             Mangled by a hell hound (11 damage)
             ... on level 1 of the Abyss.
             The game lasted 00:21:17 (1975 turns).

Obwnsil the Ruffian (Troll Berserker)               Turns: 1975, Time: 00:21:18

Health: -7/44      AC:  4    Str: 37    XL:     4   Next: 80%
Magic:  3/3        EV: 10    Int:  3    God:    Trog [***...]
Gold:   128        SH:  0    Dex:  9    Spells: 3/3 levels left

rFire   x . .        F - +3 whip "Weis Mup" {speed, *Corrode rPois rF- Str+10}
rCold   . . .        c - orb {light}
rNeg    . . .        a - +0 animal skin
rPois   +            (helmet currently unavailable)
rElec   .            (cloak currently unavailable)
rCorr   .            (gloves unavailable)
SInv    .            (boots unavailable)
Will    .....        A - amulet of regeneration
Stlth   +            (no ring)
HPRegen 1.87/turn    (no ring)
MPRegen 0.08/turn

%: corrode self (3%)
@: beast-form, glowing
A: beast (slay +0), large, unfitting armour, claws 3, regeneration 1, shaggy fur
1, tough skin 1
a: Begin Untransformation, Renounce Religion, Berserk, Trog's Hand


You were on level 1 of the Abyss.
You worshipped Trog.
Trog was most pleased with you.
You were a hulking beast.
You visited 1 branch of the dungeon, and saw 3 of its levels.
You visited the Abyss 1 time.

You collected 128 gold pieces.

Inventory:

Hand Weapons
 f - a +0 mace
 i - a +0 club
 j - a +0 club
 k - a +0 whip
 l - a +0 sling
 m - a +0 dagger
 F - the +3 whip "Weis Mup" (weapon) {speed, *Corrode rPois rF- Str+10}
   (You found it on level 3 of the Dungeon)

   Str+10:    It affects your strength (+10).
   rF-:       It makes you vulnerable to fire.
   rPois:     It protects you from poison *Corrode: It may corrode you when you
   take damage.
Missiles
 u - 9 poisoned darts (quivered)
 y - 10 stones
Armour
 a - a +0 animal skin (worn)
 c - an orb of light (worn)
 d - a +0 scale mail
 g - a +0 ring mail
 h - a +0 robe
 w - a +2 helmet
 z - a +0 leather armour
 E - a +0 ring mail
Magical Staves
 t - a staff of alchemy
Jewellery
 o - an amulet of the acrobat
 A - an amulet of regeneration (around neck)
Talismans
 e - a beast talisman (active)
 q - a flux talisman
Wands
 C - a wand of light (11)
Scrolls
 n - a scroll of blinking {unknown}
 p - 2 scrolls of enchant armour {unknown}
 s - 3 scrolls of teleportation {unknown}
 B - a scroll of revelation {unknown}
Potions
 b - a potion of might {unknown}
 r - a potion of haste {unknown}
 v - 2 potions of degeneration {unknown}
 x - a potion of magic {unknown}
 D - a potion of cancellation {unknown}


   Skills:
 + Level 2.9 Fighting
 + Level 0.2 Maces & Flails
 + Level 3.3 Dodging
 + Level 0.1 Stealth
 + Level 4.1 Unarmed Combat
 + Level 0.8 Shapeshifting


You had 3 spell levels left.
You didn't know any spells.
Your spell library was empty.

Dungeon Overview and Level Annotations

Branches:
Dungeon (3/15)

Altars:
Xom

Shops:
D:2 (

Annotations:
D:3 Robin


Innate Abilities, Weirdness & Mutations

You are a hulking beast.
Your limbs bulge with bestial killing power. (Slay +0)
You are too large for most types of armour.
You have claws for hands.
Your natural rate of healing is unusually fast.
You are covered in fur. (AC +1)
You have tough skin. (AC +1)


Message History

You whack the hobgoblin!
You kill the hobgoblin!
Trog accepts your kill. The goblin hits you with a +0 dagger.
The goblin hits you with a +2 dagger of distortion.
Space warps around you. The goblin hits you with a +0 club.
You hit the goblin.
You kill the goblin!
Trog accepts your kill. Robin throws the goblin at you!
A hobgoblin comes into view.
The goblin hits you but does no damage. The goblin closely misses you.
The goblin hits you with a +2 dagger of distortion.
You are cast into the Abyss!
This branch contains the abyssal rune of Zot.
There is an empty arch of ancient stone here.
Found a gateway leading out of the Abyss.
There is a gateway leading out of the Abyss here.
There is a gateway leading out of the Abyss here.
There is an empty arch of ancient stone here.
There is an empty arch of ancient stone here. 2 hell hounds come into view.
The hell hound barks! x3; You hear a bark!
A large abomination comes into view.
A hell hound comes into view.
A large abomination comes into view.
The hell hound breathes flames at you.
The blast of flame hits the hell hound.
The hell hound completely resists.
The blast of flame hits you!! The fire burns you terribly!
You hit the hell hound.
The hell hound is lightly wounded.
You barely miss the hell hound.
The hell hound is lightly wounded.
The hell hound breathes flames at you. The blast of flame hits you!!
The fire burns you terribly!
* * * LOW HITPOINT WARNING * * *
The hell hound closely misses you. The hell hound bites you!
* * * LOW HITPOINT WARNING * * *
The hell hound barely misses you. The hell hound closely misses you.
The hell hound bites you!
You die...

## ...#.. ...
..... .. .#.
..#.
..##..#....
..#...#..
#....#..# .#
#.....# #.#
#.#Xh# . #
#.hh#....
#hh#...##
##.#.#..# ##
#.X... #.# ###
#.####......#.
.. .
#..#...#.#..#
# .
.##.##.#..##..
....
.#...##..# #


You could see 2 large abominations and 4 hell hounds.

Vanquished Creatures
  4 adders
  2 ribbon worms (D:2)
  3 dart slugs (D:1)
  7 endoplasms
  8 giant cockroaches
  7 goblins
  5 hobgoblins
  9 jackals (D:1)
  4 kobolds
  6 ball pythons
  3 bats (D:1)
  3 frilled lizards
  9 rats
70 creatures vanquished.

Notes
Turn   | Place    | Note
-------+----------+-------------------------------------------
     0 | D:1      | Obwnsil the Troll Berserker began the quest for the Orb.
     0 | D:1      | Reached XP level 1. HP: 22/22 MP: 0/0
     1 | D:1      | Found a runed translucent door.
    36 | D:1      | Reached XP level 2. HP: 29/29 MP: 1/1
   325 | D:1      | Reached ** piety under Trog
   329 | D:1      | Reached XP level 3. HP: 36/36 MP: 2/2
  1010 | D:2      | Found Cycergho's Antique Weapon Boutique.
  1135 | D:2      | Reached XP level 4. HP: 41/44 MP: 3/3
  1328 | D:2      | Found a shimmering altar of Xom.
  1342 | D:2      | Reached skill level 4 in Unarmed Combat
  1826 | D:3      | Identified the +3 whip "Weis Mup" {speed, *Corrode rPois
                  | rF- Str+10}
  1850 | D:3      | Identified the +0 helmet of Ravioli {Slay+3}
  1850 | D:3      | Noticed Robin
  1856 | D:3      | Reached *** piety under Trog
  1856 | Abyss:1  | Cast into level 1 of the Abyss (goblin)
  1968 | Abyss:1  | Noticed a hell hound
  1968 | Abyss:1  | Noticed a hell hound
  1968 | Abyss:1  | Noticed a hell hound
  1969 | Abyss:1  | Noticed a large abomination
  1969 | Abyss:1  | Noticed a hell hound
  1970 | Abyss:1  | Noticed a large abomination
  1974 | Abyss:1  | HP: 2/44 [hell hound (9)]
  1975 | Abyss:1  | Mangled by a hell hound

Illustrated notes

Levels and vault maps discovered:
D:1:      dpeg_arrival_caged_fury, layout_basic, st_stairs_13
D:2:      layout_loops_corners, basic_altar, serial_shops,
          nicolae_shop_temple_entry_statues_fountains, minmay_quadrilaterals
D:3:      layout_loops_corners, uniq_robin
Abyss:1:  base:
Temple

Skill      XL: |  1  2  3  4 |
---------------+-------------+-----
Dodging        | 3 |  3.3
Unarmed Combat | 4 |  4.1
Fighting       | |  2.9
Maces & Flails | |  0.2
Stealth        | |  0.1
Shapeshifting  | |  0.8

Action                     |  1- 3 |  4- 6 || total
---------------------------+-------+-------++-------
  Melee: Unarmed           |    84 |    27 ||   111
         Mace              |     9 |     8 ||    17
         Whip              |       |     5 ||     5
 Armour: Animal skin       |    45 |    28 ||    73
  Dodge: Dodged            |    62 |    28 ||    90
   Form: Beast             |     1 |       ||     1
